[Event "Titled Tuesday Blitz March 21 Late 2023"]
[White "Skvortsov, Andrei"]
[Black "Remolar Gallen, Jose"]
[WhiteFideId "24108600"]
[BlackFideId "2215187"]
[WhiteElo "2259"]
[BlackElo "2223"]
[Result "1-0"]
[Round "06"]
[TimeControl "180+2"]
[Date "2023.03.21"]
[WhiteClock "0:00:15"]
[BlackClock "0:00:03"]

1. e4 c5 2. d4 cxd4 3. Qxd4 Nc6 4. Qd3 d6 5. Nc3 Nf6 6. Nf3 Bg4 7. h3 Bh5 8. Be2 e6 9. Bf4 Be7 10. O-O-O Qa5 11. Qb5 Qc7 12. e5 a6 13. exd6 axb5 14. dxc7 b4 15. Nb5 O-O 16. Kb1 Nd5 17. Bh2 Ra5 18. g4 Bg6 19. Nfd4 Rfa8 20. Bc4 Bf6 21. Bb3 Nxd4 22. Nxd4 Rc5 23. f4 Nxc7 24. f5 exf5 25. Bd6 Bxd4 26. Rxd4 Rc6 27. gxf5 Bxf5 28. Bxb4 Ne6 29. Rh4 Rac8 30. Bc3 g5 31. Ra4 b5 32. Ra5 b4 33. Rxf5 bxc3 34. bxc3 Rxc3 35. Bxe6 fxe6 36. Rxg5+ Kf7 37. Rg2 Rb8+ 38. Kc1 Ra3 39. c4 Rc3+ 40. Rc2 Rf3 41. c5 Rc8 42. c6 Ke7 43. Rd1 Rf5 44. Rd7+ Ke8 45. Rxh7 Ra5 46. Rh8+ 1-0


[Site "https://www.chess.com"]

[Event "Titled Tuesday Blitz March 21 Late 2023"]
[White "Herrera Reyes, Jose Antonio"]
[Black "Sztokbant, Bernardo Vainzoff"]
[WhiteFideId "2274914"]
[BlackFideId "2115956"]
[WhiteElo "2273"]
[BlackElo "2222"]
[Result "0-1"]
[Round "06"]
[TimeControl "180+2"]
[Date "2023.03.21"]
[WhiteClock "0:00:11"]
[BlackClock "0:00:05"]

1. Nf3 c5 2. g3 g6 3. Bg2 Bg7 4. d3 e5 5. Nc3 d5 6. h4 h5 7. Bg5 f6 8. Bd2 Ne7 9. O-O Nbc6 10. e4 d4 11. Ne2 Be6 12. Nh2 Qd7 13. f4 O-O-O 14. b4 c4 15. b5 Nb8 16. Qc1 Qxb5 17. Qa3 Nec6 18. Rab1 Qa6 19. Qc1 cxd3 20. cxd3 Qxd3 21. Qb2 Rd7 22. f5 Bc4 23. Rfc1 gxf5 24. Bh3 Ba6 25. Re1 fxe4 26. Bf5 Rg8 27. Nf1 Qf3 28. Bxd7+ Nxd7 29. a4 Nc5 30. Qa2 Rd8 31. Qf7 Bxe2 32. Qxg7 e3 33. Bb4 Nxb4 34. Rxb4 Qf2+ 35. Kh1 Bf3# 0-1


[Site "https://www.chess.com"]

[Event "Titled Tuesday Blitz March 21 Late 2023"]
[White "Domingo Nunez, Ruben"]
[Black "Shapiro, Viktor"]
[WhiteFideId "22245570"]
[BlackFideId "4175700"]
[WhiteElo "2404"]
[BlackElo "2152"]
[Result "1-0"]
[Round "06"]
[TimeControl "180+2"]
[Date "2023.03.21"]
[WhiteClock "0:01:50"]
[BlackClock "0:01:17"]

1. b3 Nf6 2. Bb2 g6 3. Nf3 Bg7 4. g3 O-O 5. Bg2 c5 6. c4 Nc6 7. O-O d6 8. d4 cxd4 9. Nxd4 Bd7 10. Nc3 a6 11. Rc1 Rc8 12. Nc2 Qa5 13. Ne3 b5 14. a4 bxa4 15. Nxa4 Rb8 16. Bc3 Qc7 17. Nd5 Qd8 18. Nxf6+ exf6 19. Qxd6 Rxb3 20. Bxc6 Bxc6 21. Qxc6 Qe8 22. Qxe8 Rxe8 23. e3 Ra3 24. Nb6 Rb3 25. c5 f5 26. Bxg7 Kxg7 27. Rb1 Rc3 28. Rfc1 Rxc1+ 29. Rxc1 1-0


[Site "https://www.chess.com"]

[Event "Titled Tuesday Blitz March 21 Late 2023"]
[White "Spata, German"]
[Black "cryptoguru02"]
[WhiteFideId "113026"]
[WhiteElo "2238"]
[BlackElo "2503"]
[Result "1/2-1/2"]
[Round "06"]
[TimeControl "180+2"]
[Date "2023.03.21"]
[WhiteClock "0:00:13"]
[BlackClock "0:00:09"]

1. Nf3 g6 2. g3 Bg7 3. Bg2 d5 4. d4 Nf6 5. O-O O-O 6. c4 c6 7. b3 Bf5 8. Bb2 a5 9. Nc3 Ne4 10. e3 Nxc3 11. Bxc3 Be4 12. Ne1 Bxg2 13. Kxg2 a4 14. Nd3 Nd7 15. cxd5 cxd5 16. bxa4 e6 17. Qb3 Qc7 18. Rfc1 Rfc8 19. Bd2 Qb8 20. Rab1 Rxc1 21. Bxc1 b6 22. Qb5 Qa7 23. a5 bxa5 24. Qb7 Bf8 25. a4 Qa6 26. Nf4 Ra7 27. Qxa6 Rxa6 28. Bd2 Nb6 29. Rb5 Bb4 30. Bxb4 axb4 31. Rxb4 Nxa4 32. Rb7 Nc3 33. Nd3 Ra8 34. Ne5 Rf8 35. Nd7 Rd8 36. Ne5 Rf8 37. Rc7 Ne4 38. f3 Nd6 39. g4 Ne8 40. Rd7 Nf6 41. Rc7 Kg7 42. Kg3 h5 43. h3 hxg4 44. hxg4 g5 45. Rb7 Ng8 46. Nd7 Rd8 47. Nc5 Kg6 48. Nd7 Kg7 49. Ne5 Rf8 50. Ra7 Nf6 51. Nc6 Rc8 52. Ne5 Rf8 53. Kf2 Ng8 54. Ke2 Nf6 55. Kd3 Ng8 56. Nd7 Rd8 57. Nc5 Kg6 58. Rb7 Nf6 59. Ra7 Ng8 60. Nd7 Kg7 61. Ne5 Rf8 62. Ra6 Nf6 63. Ra4 Rd8 64. Ra2 Nd7 65. Nc6 Rc8 66. Ne5 Nxe5+ 67. dxe5 Kg6 68. Kd4 Rc4+ 69. Kd3 Rc7 70. Ra8 Rb7 71. Rg8+ Kh6 72. Rf8 Kg7 73. Rc8 Rb3+ 74. Rc3 Rb7 75. Rc2 Rb3+ 76. Rc3 Rb7 77. Rc2 Rb3+ 78. Ke2 Rb7 79. Kf2 Rb3 80. Rd2 Rc3 81. Rd4 Rc2+ 82. Kg3 Re2 83. Rd3 Re1 84. Kf2 Ra1 85. Kg3 Ra2 86. Rc3 Re2 87. Rd3 Ra2 88. Rc3 Re2 89. Rd3 1/2-1/2


[Site "https://www.chess.com"]

[Event "Titled Tuesday Blitz March 21 Late 2023"]
[White "Stelmaszyk, Nico"]
[Black "Diaz Perez, Michel Alejandro"]
[WhiteFideId "16200462"]
[BlackFideId "3517179"]
[WhiteElo "2255"]
[BlackElo "2333"]
[Result "0-1"]
[Round "06"]
[TimeControl "180+2"]
[Date "2023.03.21"]
[WhiteClock "0:00:02"]
[BlackClock "0:02:00"]

1. e4 d5 2. exd5 Nf6 3. c4 c6 4. d4 cxd5 5. Nc3 e6 6. c5 Nc6 7. Nf3 Be7 8. Bg5 O-O 9. Bb5 Ne4 10. Bxe7 Nxe7 11. O-O Bd7 12. Bd3 f5 13. Rc1 Ng6 14. Ne5 Nxe5 15. dxe5 Nxc5 16. Bb1 Rc8 17. Nxd5 exd5 18. Qxd5+ Be6 19. Qf3 Qd4 20. Rfd1 Qxb2 21. h4 Qxe5 22. Re1 Ne4 23. Rxc8 Rxc8 24. g3 Qc3 25. Bxe4 Qxe1+ 0-1


[Site "https://www.chess.com"]

[Event "Titled Tuesday Blitz March 21 Late 2023"]
[White "Popov, Mikhail"]
[Black "Kubatko, Ivan"]
[WhiteFideId "4146182"]
[BlackFideId "24111473"]
[WhiteElo "2270"]
[BlackElo "2285"]
[Result "1-0"]
[Round "06"]
[TimeControl "180+2"]
[Date "2023.03.21"]
[WhiteClock "0:00:08"]
[BlackClock "0:00:02"]

1. d4 d5 2. c4 e6 3. Nc3 c5 4. cxd5 cxd4 5. Qxd4 Nc6 6. Qd1 exd5 7. Qxd5 Be6 8. Qxd8+ Rxd8 9. e3 a6 10. a3 g6 11. Nf3 Bg7 12. Be2 Na5 13. O-O Nb3 14. Rb1 Nf6 15. Rd1 O-O 16. Nd4 Nxd4 17. exd4 Bb3 18. Re1 Rxd4 19. Be3 Rd7 20. Bf3 Rfd8 21. Rbc1 Nd5 22. Nxd5 Bxd5 23. Bb6 Ra8 24. Rcd1 Be6 25. Rxd7 Bxd7 26. Re7 Bc6 27. Bxc6 bxc6 28. b4 Rb8 29. Bc7 Rc8 30. Rd7 Bb2 31. a4 Ba3 32. Bd6 a5 33. bxa5 c5 34. a6 Ra8 35. a7 Bb4 36. Rb7 Kg7 37. Kf1 Kf6 38. Bb8 Ke6 39. Ke2 Kd5 40. Kd3 c4+ 41. Kc2 Bc5 42. Rxf7 h6 43. f3 g5 44. g4 Kc6 45. Rf6+ Kd5 46. Rxh6 Bxa7 47. Ra6 Rxb8 48. Rxa7 Kd4 49. Rd7+ Ke3 50. Rc7 Kxf3 51. Rxc4 Re8 52. a5 Re2+ 53. Kb3 Rxh2 54. a6 Rh8 55. a7 Ra8 56. Ra4 Ke3 57. Kc4 Kf4 58. Kd5+ Kf3 59. Kc6 Kg3 60. Kb7 Rf8 61. a8=Q Rxa8 62. Kxa8 1-0


[Site "https://www.chess.com"]

[Event "Titled Tuesday Blitz March 21 Late 2023"]
[White "JackRodgers"]
[Black "Vlassov, Nikolai"]
[BlackFideId "4103360"]
[WhiteElo "2488"]
[BlackElo "2324"]
[Result "0-1"]
[Round "06"]
[TimeControl "180+2"]
[Date "2023.03.21"]
[WhiteClock "0:00:02"]
[BlackClock "0:00:22"]

1. d4 Nf6 2. Bg5 e6 3. e4 h6 4. Bxf6 Qxf6 5. Nf3 g5 6. e5 Qg7 7. h3 d6 8. Nbd2 Be7 9. Bd3 h5 10. Qe2 g4 11. hxg4 hxg4 12. Rxh8+ Qxh8 13. Ng1 dxe5 14. dxe5 Nc6 15. f4 gxf3 16. Ngxf3 Bh4+ 17. Kd1 Bd7 18. c3 O-O-O 19. Kc2 Be7 20. Nb3 Qg7 21. Nbd4 Rg8 22. Rg1 Qg3 23. b4 Bxb4 24. cxb4 Nxb4+ 25. Kb3 c5 26. Nb5 Kb8 27. Nd6 Bc6 28. Ne4 Qg4 29. Nfd2 Bd5+ 30. Kb2 Qf4 31. Nc3 Qd4 32. Bh7 Rg3 33. Rd1 Qxc3+ 0-1


[Site "https://www.chess.com"]

[Event "Titled Tuesday Blitz March 21 Late 2023"]
[White "O`Gorman, Tom"]
[Black "drdaro"]
[WhiteFideId "2508249"]
[WhiteElo "2271"]
[BlackElo "2404"]
[Result "1-0"]
[Round "06"]
[TimeControl "180+2"]
[Date "2023.03.21"]
[WhiteClock "0:01:33"]
[BlackClock "0:01:02"]

1. e4 g6 2. d4 Nf6 3. e5 Nh5 4. Nf3 d6 5. Bc4 d5 6. Bd3 Ng7 7. O-O Bf5 8. c4 Bxd3 9. Qxd3 dxc4 10. Qxc4 Nd7 11. Nc3 c6 12. Qb3 Nb6 13. Rd1 e6 14. Bg5 Be7 15. Ne4 O-O 16. Bxe7 Qxe7 17. Nf6+ Kh8 18. Ng5 h5 19. Nge4 Ne8 20. Qe3 Kg7 21. Qg5 Rh8 22. Nxh5+ Kf8 23. Nhf6 Nxf6 24. exf6 Qc7 25. g3 Rh5 26. Qd2 Rd8 27. Rac1 Nd5 28. Rc5 Kg8 29. Rdc1 Rd7 30. b4 Qd8 31. b5 Nxf6 32. Nxf6+ Qxf6 33. Rxh5 gxh5 34. bxc6 bxc6 35. Qe2 Rxd4 36. Qxh5 Rd2 37. Qg4+ Kf8 38. Qb4+ 1-0


[Site "https://www.chess.com"]

[Event "Titled Tuesday Blitz March 21 Late 2023"]
[White "Jessel, Stephen"]
[Black "Pniaczek, Marek"]
[WhiteFideId "628859"]
[BlackFideId "21800421"]
[WhiteElo "2268"]
[BlackElo "2138"]
[Result "0-1"]
[Round "06"]
[TimeControl "180+2"]
[Date "2023.03.21"]
[WhiteClock "0:00:02"]
[BlackClock "0:00:26"]

1. b3 Nf6 2. Bb2 d5 3. e3 Bf5 4. c4 c6 5. Nf3 h6 6. g3 e6 7. d3 Be7 8. Nc3 O-O 9. Bg2 Na6 10. O-O dxc4 11. dxc4 Bd3 12. Ne2 Nc5 13. Ne5 Bh7 14. Nf4 Be4 15. Bh3 Qc7 16. Ng4 Rad8 17. Qe2 Nxg4 18. Qxg4 e5 19. Nh5 Bg6 20. f4 Nd3 21. Bc3 Bxh5 22. Qxh5 exf4 23. exf4 Bc5+ 24. Kh1 Nf2+ 25. Kg2 Ne4 26. Be1 Bd4 27. Rd1 Bc3 28. Bf5 Nf6 29. Qf3 Rxd1 30. Qxd1 Rd8 31. Qf3 Bxe1 32. Rxe1 Rd2+ 33. Re2 Qd6 34. Rxd2 Qxd2+ 35. Qf2 Qa5 36. a4 Qxf5 37. Qxa7 Qe4+ 38. Kg1 Ng4 39. Qb8+ Kh7 40. Kf1 Qf3+ 41. Ke1 Qf2+ 42. Kd1 Ne3+ 43. Kc1 Qc2# 0-1


[Site "https://www.chess.com"]

[Event "Titled Tuesday Blitz March 21 Late 2023"]
[White "aidenzhouu"]
[Black "Kakabayev, Mergen"]
[BlackFideId "14002990"]
[WhiteElo "2460"]
[BlackElo "2259"]
[Result "0-1"]
[Round "06"]
[TimeControl "180+2"]
[Date "2023.03.21"]
[WhiteClock "0:00:11"]
[BlackClock "0:01:59"]

1. d4 d5 2. c4 c6 3. Nf3 Nf6 4. e3 e6 5. b3 Nbd7 6. Bb2 Bd6 7. Bd3 O-O 8. Nbd2 Qe7 9. O-O e5 10. e4 exd4 11. exd5 cxd5 12. Nxd4 Qe5 13. N2f3 Qh5 14. Nf5 dxc4 15. Nxd6 cxd3 16. Qxd3 Nc5 17. Qb5 Bg4 18. Bxf6 Bxf3 19. gxf3 gxf6 20. Nxb7 Kh8 21. Qc6 Qg5+ 22. Kh1 Rac8 23. Qb5 Qd5 24. Rg1 Qxf3+ 25. Rg2 Rg8 26. Rg1 Rxg2 27. Rxg2 Rg8 0-1


[Site "https://www.chess.com"]

[Event "Titled Tuesday Blitz March 21 Late 2023"]
[White "Bochnicka, Vladimir"]
[Black "Srinath, Rao S.V."]
[WhiteFideId "14943450"]
[BlackFideId "5028876"]
[WhiteElo "2094"]
[BlackElo "2196"]
[Result "1-0"]
[Round "06"]
[TimeControl "180+2"]
[Date "2023.03.21"]
[WhiteClock "0:00:06"]
[BlackClock "0:00:06"]

1. e4 e6 2. d4 d5 3. exd5 exd5 4. c4 Nc6 5. Nc3 Nf6 6. Bd3 dxc4 7. Bxc4 Bd6 8. Nge2 O-O 9. O-O h6 10. Re1 Bf5 11. a3 a6 12. h3 Qd7 13. Be3 Rad8 14. Qd2 Rfe8 15. Rad1 Bxh3 16. gxh3 Qxh3 17. Bf4 Ng4 18. Bxd6 Rxd6 19. Qf4 Rf6 20. Qg3 Nxf2 21. Qxh3 Nxh3+ 22. Kg2 Nf2 23. Ng3 Rd8 24. Rd2 Ng4 25. Nd5 Rfd6 26. Ne7+ Kf8 27. Nxc6 Rxc6 28. Bb3 Rcd6 29. Nf5 Rf6 30. Ne3 Rf4 31. d5 Nf6 32. Rf1 Re4 33. Rf3 Nd7 34. d6 cxd6 35. Rxf7+ Ke8 36. Nf5 Rg4+ 37. Kh3 Ne5 38. Nxg7+ Rxg7 39. Rxg7 1-0


[Site "https://www.chess.com"]

[Event "Titled Tuesday Blitz March 21 Late 2023"]
[White "Fernandez Siles, Luis"]
[Black "Taboas Rodriguez, Daniel"]
[WhiteFideId "2209420"]
[BlackFideId "2208466"]
[WhiteElo "2186"]
[BlackElo "2365"]
[Result "0-1"]
[Round "06"]
[TimeControl "180+2"]
[Date "2023.03.21"]
[WhiteClock "0:00:23"]
[BlackClock "0:00:30"]

1. d4 Nf6 2. c4 g6 3. Nc3 Bg7 4. e4 d6 5. Nf3 O-O 6. Be2 e5 7. O-O Nc6 8. d5 Ne7 9. b4 Nh5 10. Re1 f5 11. Ng5 Nf6 12. Bf3 c6 13. b5 h6 14. Ne6 Bxe6 15. dxe6 fxe4 16. Nxe4 Nxe4 17. Bxe4 d5 18. cxd5 cxd5 19. Ba3 dxe4 20. Qxd8 Rfxd8 21. Bxe7 Re8 22. Bc5 Rxe6 23. Be3 a6 24. b6 Rc8 25. Rac1 Rec6 26. Rcd1 Rf8 27. Rd7 Rf7 28. Red1 Rcf6 29. Rc7 g5 30. g4 Bf8 31. Rdd7 Rxd7 32. Rxd7 Rf7 33. Rd5 Bg7 34. Rd8+ Kh7 35. Bc5 Kg6 36. Bd6 Bf6 37. Rb8 Rd7 38. Bc7 Be7 39. Bxe5 Bc5 40. Rg8+ Kf7 41. Rh8 Rd1+ 42. Kg2 Rd2 43. Rxh6 Rxf2+ 44. Kg3 Rxa2 45. Rh7+ Ke6 46. Bc3 Ra3 47. Rxb7 Rxc3+ 48. Kg2 Rb3 49. Rg7 Rb2+ 50. Kg3 Bd6+ 0-1


[Site "https://www.chess.com"]

[Event "Titled Tuesday Blitz March 21 Late 2023"]
[White "Bolanos, Fernando"]
[Black "Ozates, Tuna"]
[WhiteFideId "3304094"]
[BlackFideId "6354521"]
[WhiteElo "2166"]
[BlackElo "2151"]
[Result "1-0"]
[Round "06"]
[TimeControl "180+2"]
[Date "2023.03.21"]
[WhiteClock "0:00:52"]
[BlackClock "0:00:05"]

1. e4 c5 2. Nf3 Nc6 3. d4 cxd4 4. Nxd4 e5 5. Nb5 d6 6. c4 Be6 7. Be3 a6 8. N5c3 g6 9. Na3 Bg7 10. Nc2 Nge7 11. Be2 O-O 12. O-O f5 13. f3 f4 14. Bf2 g5 15. b4 Rc8 16. Qd2 Ng6 17. Rfd1 Qf6 18. Nd5 Qf7 19. b5 axb5 20. cxb5 Nce7 21. Ncb4 h5 22. Nxe7+ Nxe7 23. Qxd6 g4 24. Rac1 Rxc1 25. Rxc1 g3 26. hxg3 fxg3 27. Bxg3 Bh6 28. Rc7 Be3+ 29. Kf1 Re8 30. Bh4 Nc8 31. Qxe5 Bd7 32. Qg3+ Kh8 33. Bc4 Qh7 34. Bf6+ 1-0


[Site "https://www.chess.com"]

[Event "Titled Tuesday Blitz March 21 Late 2023"]
[White "Baskakov, Egor"]
[Black "Todev, Simeon"]
[WhiteFideId "24197866"]
[BlackFideId "2925133"]
[WhiteElo "2212"]
[BlackElo "1938"]
[Result "0-1"]
[Round "06"]
[TimeControl "180+2"]
[Date "2023.03.21"]
[WhiteClock "0:00:44"]
[BlackClock "0:00:12"]

1. e4 c5 2. Nf3 Nc6 3. Nc3 e5 4. Nd5 Nf6 5. Nxf6+ Qxf6 6. Bc4 d6 7. h3 Be6 8. Qe2 Be7 9. O-O O-O 10. d3 Qg6 11. Kh2 f5 12. exf5 Rxf5 13. Bxe6+ Qxe6 14. c3 Raf8 15. Ne1 Bg5 16. Bxg5 Rxg5 17. Nc2 Ne7 18. f4 Rgf5 19. fxe5 Rxf1 20. Rxf1 Rxf1 21. Qxf1 Qxe5+ 22. Kg1 Nf5 23. Qf3 d5 24. Kf2 b6 25. a4 Nd6 26. Qe3 Qf5+ 27. Kg1 h6 28. b4 c4 29. Nd4 Qf6 30. b5 cxd3 31. Qxd3 Ne4 32. Qe3 Qd6 33. c4 Nf6 34. Nf5 Qc5 35. Qxc5 bxc5 36. Ne7+ Kf7 37. Nxd5 Nxd5 38. cxd5 Ke7 39. Kf2 Kd6 40. Ke3 Kxd5 41. Kd3 c4+ 42. Kc3 Kc5 43. g3 g6 44. Kc2 Kb4 45. g4 g5 46. b6 axb6 47. Kb2 Kxa4 48. Kc3 b5 49. Kd4 Kb4 50. Ke5 c3 51. Kf6 c2 52. Kg6 c1=Q 53. Kxh6 Qf4 54. Kh5 Qh2 55. Kxg5 Qxh3 56. Kf5 Kc4 57. Kf4 Kd5 58. g5 Qh8 59. g6 Qg8 60. Kg5 b4 61. g7 Ke6 62. Kg6 b3 63. Kh6 Kf5 64. Kh5 Qh7# 0-1


[Site "https://www.chess.com"]

[Event "Titled Tuesday Blitz March 21 Late 2023"]
[White "Martic, Ivan"]
[Black "Bolourchifard, Farzad"]
[WhiteFideId "929301"]
[BlackFideId "12510084"]
[WhiteElo "2360"]
[BlackElo "2317"]
[Result "1-0"]
[Round "06"]
[TimeControl "180+2"]
[Date "2023.03.21"]
[WhiteClock "0:00:18"]
[BlackClock "0:00:03"]

1. d4 Nf6 2. Bg5 d5 3. Bxf6 gxf6 4. e3 e6 5. c4 c6 6. Nc3 Nd7 7. Nf3 Bg7 8. Be2 O-O 9. O-O f5 10. g3 Kh8 11. Rc1 b6 12. cxd5 cxd5 13. Qa4 Bb7 14. Ba6 Rb8 15. Nb5 Nf6 16. Rc7 Bxa6 17. Qxa6 Rc8 18. Rfc1 Rxc7 19. Rxc7 Ne8 20. Rxa7 Nd6 21. Nxd6 Qxd6 22. Ng5 Kg8 23. Qb7 Qb8 24. Qd7 Qc8 25. Qe7 Qc1+ 26. Kg2 Qb1 27. Nxf7 f4 28. Qxe6 f3+ 29. Kh3 h6 30. Nxh6+ Kh7 31. Ng4 Rf5 32. Qh6+ Kg8 33. Qxg7# 1-0


[Site "https://www.chess.com"]

[Event "Titled Tuesday Blitz March 21 Late 2023"]
[White "Matinian, Nikita"]
[Black "Ladan, Nicholas"]
[WhiteFideId "24129100"]
[BlackFideId "30918855"]
[WhiteElo "2422"]
[BlackElo "2167"]
[Result "1-0"]
[Round "06"]
[TimeControl "180+2"]
[Date "2023.03.21"]
[WhiteClock "0:00:36"]
[BlackClock "0:00:01"]

1. e4 e5 2. Nf3 Nc6 3. Bb5 a6 4. Ba4 g6 5. c3 Bg7 6. d4 b5 7. Bb3 exd4 8. cxd4 Na5 9. Nc3 Ne7 10. h4 h6 11. h5 g5 12. e5 Nxb3 13. Qxb3 Bb7 14. Bxg5 hxg5 15. Nxg5 Nd5 16. Nxf7 Kxf7 17. Nxd5 Ke8 18. f4 c6 19. Ne3 Bh6 20. Nf5 Qa5+ 21. Ke2 Kd8 22. g3 Kc7 23. Qc3 Qxc3 24. bxc3 Raf8 25. Nxh6 Rxh6 26. Ke3 Rg8 27. Rag1 c5 28. Rh4 c4 29. g4 Rgh8 30. f5 Bd5 31. Kf4 a5 32. a3 d6 33. e6 Rf8 34. e7 Re8 35. g5 Rh7 36. f6 Bf7 37. g6 Bxg6 38. Rxg6 b4 39. axb4 axb4 40. cxb4 Kd7 41. Kg5 c3 42. Rh2 Rc8 43. Rc2 Rc4 44. Rg8 Rxd4 45. e8=Q+ 1-0


[Site "https://www.chess.com"]

[Event "Titled Tuesday Blitz March 21 Late 2023"]
[White "Vetoshko, Volodymyr"]
[Black "Urbina Perez, Juan Antonio"]
[WhiteFideId "14122480"]
[BlackFideId "2217368"]
[WhiteElo "2422"]
[BlackElo "2197"]
[Result "1-0"]
[Round "06"]
[TimeControl "180+2"]
[Date "2023.03.21"]
[WhiteClock "0:00:07"]
[BlackClock "0:00:48"]

1. e4 c5 2. Nf3 d6 3. d4 cxd4 4. Nxd4 Nf6 5. Nc3 Nc6 6. Nb3 g6 7. Be2 Bg7 8. O-O O-O 9. Re1 b6 10. Bg5 Bb7 11. Qd2 Rc8 12. Rad1 Ne5 13. f3 Qc7 14. Bh6 Nc4 15. Bxc4 Qxc4 16. Bxg7 Kxg7 17. Kh1 Rfd8 18. a3 e6 19. Qe3 Bc6 20. Rd4 Qa6 21. Red1 d5 22. e5 Nd7 23. Rh4 Nf8 24. Qh6+ Kg8 25. Nd4 Be8 26. Nce2 Rc4 27. c3 Rdc8 28. h3 Qb7 29. Nf4 Qe7 30. Re1 b5 31. Rg4 a5 32. Nh5 f5 33. exf6 Qf7 34. Nf4 Bd7 35. Nd3 Qxf6 36. Ne5 R4c7 37. Rf4 Qg7 38. Qxg7+ Kxg7 39. Rf7+ Kg8 40. Re7 Be8 41. Rxc7 Rxc7 42. Kh2 b4 43. axb4 axb4 44. cxb4 Rb7 45. Nd3 Kf7 46. Nxe6 Nxe6 47. Rxe6 Kxe6 48. Nc5+ Ke5 49. Nxb7 Kd4 50. Kg1 Ke3 51. Kf1 d4 52. Nd6 Ba4 53. Ke1 d3 54. Nc4+ Kd4 55. Nd2 Bc2 56. Nf1 Kc4 57. Kd2 Kxb4 58. Ne3 Kb3 59. Nxc2 dxc2 60. Kc1 h5 61. h4 Kc4 62. Kxc2 Kd4 63. b4 Kc4 64. Kd2 Kxb4 65. Ke3 Kc5 66. Kf4 Kd6 67. Kg5 Ke7 68. Kxg6 Ke6 69. Kxh5 Kf5 70. g4+ Kf6 71. g5+ Kg7 72. Kg4 Kh7 73. h5 Kg7 74. f4 Kh7 75. f5 Kg8 76. Kf4 Kh8 77. Ke5 Kh7 78. Ke6 Kg7 79. h6+ Kg8 80. g6 Kh8 81. g7+ Kh7 82. Kf7 Kxh6 83. g8=Q Kh5 84. Qg3 Kh6 85. Qg6# 1-0


[Site "https://www.chess.com"]

[Event "Titled Tuesday Blitz March 21 Late 2023"]
[White "Shohat, Yotam"]
[Black "Ozer, Omer Faruk"]
[WhiteFideId "2813955"]
[BlackFideId "6354564"]
[WhiteElo "2226"]
[BlackElo "2260"]
[Result "1-0"]
[Round "06"]
[TimeControl "180+2"]
[Date "2023.03.21"]
[WhiteClock "0:00:47"]
[BlackClock "0:00:26"]

1. e4 c5 2. Nf3 e6 3. d4 cxd4 4. Nxd4 Nf6 5. Nc3 Nc6 6. Nxc6 bxc6 7. e5 Nd5 8. Ne4 Qc7 9. f4 Rb8 10. c4 Bb4+ 11. Ke2 O-O 12. cxd5 cxd5 13. Ng5 f6 14. exf6 Rxf6 15. Qd3 g6 16. Kd1 Bb7 17. Qd4 Be7 18. Bd2 Bc6 19. Bd3 d6 20. Bc3 Rbf8 21. Nxe6 Qd7 22. Nxf8 Qg4+ 23. Kc2 Qxg2+ 24. Kb3 Kxf8 25. Rhe1 Bd8 26. Re2 Qh3 27. Rae1 Qc8 28. a3 Bd7 29. Ka2 1-0


[Site "https://www.chess.com"]

[Event "Titled Tuesday Blitz March 21 Late 2023"]
[White "Roberson, Peter T"]
[Black "Zhurbinsky, David"]
[WhiteFideId "412384"]
[BlackFideId "2072904"]
[WhiteElo "2346"]
[BlackElo "2616"]
[Result "1-0"]
[Round "06"]
[TimeControl "180+2"]
[Date "2023.03.21"]
[WhiteClock "0:00:22"]
[BlackClock "0:00:09"]

1. Nf3 Nf6 2. g3 d5 3. Bg2 c5 4. O-O Nc6 5. d3 d4 6. e4 e5 7. Nfd2 Bd6 8. h3 Bc7 9. f4 Bd7 10. Nf3 Qe7 11. Na3 O-O-O 12. Nc4 exf4 13. Bxf4 Be6 14. Nce5 Nxe5 15. Bxe5 Nh5 16. Qe1 Bxe5 17. Nxe5 Qc7 18. g4 Qxe5 19. gxh5 Qxh5 20. Qg3 Qg6 21. Kh2 Qxg3+ 22. Kxg3 Kc7 23. a3 b5 24. h4 c4 25. Bh3 Rhf8 26. a4 Bxh3 27. Kxh3 cxd3 28. cxd3 b4 29. Rf5 a6 30. Rc1+ Kb6 31. Rc4 g6 32. Rxb4+ Kc6 33. Rf6+ Kc5 34. Rc4# 1-0


[Site "https://www.chess.com"]

[Event "Titled Tuesday Blitz March 21 Late 2023"]
[White "Krallis, Christos"]
[Black "Tworuszka, Michal"]
[WhiteFideId "4298896"]
[BlackFideId "1117858"]
[WhiteElo "2243"]
[BlackElo "2444"]
[Result "0-1"]
[Round "06"]
[TimeControl "180+2"]
[Date "2023.03.21"]
[WhiteClock "0:00:10"]
[BlackClock "0:00:05"]

1. Nc3 c5 2. Nf3 Nc6 3. e3 Nf6 4. b3 a6 5. Bb2 d5 6. Ne2 Bg4 7. Ng3 g6 8. Be2 Bg7 9. O-O O-O 10. h3 Bc8 11. Ne5 Qc7 12. Nxc6 Qxc6 13. f4 e6 14. Bf3 b6 15. a4 Bb7 16. Ne2 Rac8 17. Qb1 Rfd8 18. Nc1 Ne4 19. Bxg7 Kxg7 20. Qb2+ f6 21. Rd1 Qd6 22. d3 Ng3 23. Ne2 Nxe2+ 24. Bxe2 d4 25. Qc1 e5 26. fxe5 Qxe5 27. e4 f5 28. Bf3 fxe4 29. Bxe4 Bxe4 30. Re1 Re8 31. Rxe4 Qf5 32. Rxe8 Rxe8 33. Qd2 Re3 34. Rf1 Qe6 35. Qf2 Qe7 36. Qf4 Re2 37. Rf2 Rxf2 38. Kxf2 h6 39. Kf3 Qe1 40. Qc7+ Kg8 41. Qd8+ Kg7 42. Qc7+ Kg8 43. Qb8+ Kg7 44. Qa7+ Kg8 45. Qa8+ Kg7 46. Qe4 Qd1+ 47. Qe2 Qxe2+ 48. Kxe2 Kf6 49. Kf3 Kf5 50. Kg3 g5 51. Kf2 h5 52. Ke2 Kf4 53. Kf2 h4 54. Ke2 Kg3 55. Kf1 g4 56. hxg4 Kxg4 57. Kf2 Kf4 58. Kg1 Kg3 59. Kh1 h3 60. gxh3 Kxh3 61. Kg1 Kg3 62. Kf1 Kf3 63. Ke1 Ke3 64. Kd1 Kf2 65. Kd2 a5 66. c3 Kf3 67. cxd4 cxd4 68. b4 axb4 69. Kc2 Ke2 70. Kb3 Kxd3 71. a5 bxa5 0-1


[Site "https://www.chess.com"]

[Event "Titled Tuesday Blitz March 21 Late 2023"]
[White "Thomforde-Toates, Noah"]
[Black "Ronka, Erik"]
[WhiteFideId "30951992"]
[BlackFideId "505080"]
[WhiteElo "2604"]
[BlackElo "2264"]
[Result "1-0"]
[Round "06"]
[TimeControl "180+2"]
[Date "2023.03.21"]
[WhiteClock "0:00:17"]
[BlackClock "0:00:02"]

1. e4 c6 2. d4 d5 3. e5 Bf5 4. h4 h5 5. Bd3 Bxd3 6. Qxd3 e6 7. Bg5 Qa5+ 8. Nd2 c5 9. c4 dxc4 10. Qxc4 Nc6 11. Nf3 cxd4 12. O-O Qb4 13. Qd3 Nge7 14. a3 Qa5 15. b4 Qd5 16. Rac1 Nf5 17. b5 Nxe5 18. Nxe5 Qxe5 19. Rfe1 Qd5 20. Nf3 Bd6 21. Rcd1 f6 22. Bc1 Bc5 23. Rxe6+ Qxe6 24. Re1 Ne3 25. fxe3 O-O 26. exd4 Qd5 27. Qg6 Bxd4+ 28. Kh1 Bc3 29. Re7 Rf7 30. Rxf7 Qxf7 31. Qe4 Re8 32. Qc2 Be5 33. a4 Bc7 34. Ba3 Qd7 35. Bc5 Bb8 36. Bf2 Qc7 37. Qg6 Qf7 38. Qd3 Qe7 39. Qd5+ Qe6 40. Qxb7 Kh7 41. Bxa7 Bxa7 42. Qxa7 Qg4 43. Qc5 Re2 44. Qg1 Qxa4 45. Qb1+ Kh6 46. Qc1+ 1-0


[Site "https://www.chess.com"]

[Event "Titled Tuesday Blitz March 21 Late 2023"]
[White "Sielecki, Christof"]
[Black "Baches Garcia, Guillermo"]
[WhiteFideId "4620437"]
[BlackFideId "2209764"]
[WhiteElo "2443"]
[BlackElo "2442"]
[Result "1-0"]
[Round "06"]
[TimeControl "180+2"]
[Date "2023.03.21"]
[WhiteClock "0:00:30"]
[BlackClock "0:00:12"]

1. e4 d5 2. exd5 Qxd5 3. Nc3 Qa5 4. d4 c6 5. Nf3 Nf6 6. Bc4 Bf5 7. Ne5 e6 8. g4 Bg6 9. h4 Be4 10. O-O Bd5 11. g5 Nfd7 12. Bxd5 cxd5 13. Nxf7 Kxf7 14. Qf3+ Kg8 15. Qg4 Qb6 16. Re1 Kf7 17. Nxd5 exd5 18. Qf5+ Nf6 19. gxf6 gxf6 20. Qxd5+ Kg7 21. Kh1 Bd6 22. Rg1+ Kf8 23. Bh6+ Ke8 24. Rae1+ Kd8 25. Re6 Kc7 26. Rxd6 Qxd6 27. Bf4 Qxf4 28. Rg7+ Kb6 29. Rxb7+ 1-0


[Site "https://www.chess.com"]